cohdb
Replays
Latest Replays
All Replays
Popular Replays
Top Player Replays
Match Explorer
How It Works
Community
CoH3 Stats
Reddit
Sign in to upload your games and track your stats! →
Sign in with Steam
Match 45761120
Unlisted
Match 45761120
Overview
Messages
Build Orders
End
Pioneer Squad
Pioneer Squad
Pioneer Squad
Selects Terror Battlegroup
Selects Heavy Gunnery
Construct Infanterie Kompanie
Grenadier Squad
Grenadier Squad
Medical Station
Construct Luftwaffe Kompanie
221 Scout Car
221 Scout Car
Support Elements
Skeng.Tecnica.International
TestingWarHead
0
0
Comments
sign in to comment!
No comments posted yet!